 Dungeon Crawl Stone Soup version 0.27-a0-1202-ge72e49191c (webtiles) character file.

Game seed: 14727721348490945601

46 Gwenloh the Shield-Bearer (level 3, -1/33 HPs)
             Began as a Minotaur Fighter on June 3, 2021.
             Slain by Crazy Yiuf
             ... wielding a +3 quarterstaff of chaos
              (4 damage)
             ... on level 2 of the Dungeon.
             The game lasted 00:03:27 (1449 turns).

Gwenloh the Shield-Bearer (Minotaur Fighter)        Turns: 1449, Time: 00:03:28

Health: -1/33      AC:  7    Str: 20    XL:     3   Next: 44%
Magic:  2/2        EV:  7    Int:  5    God:
Gold:   135        SH:  9    Dex: 10    Spells: 2/2 levels left

rFire    . . .     SeeInvis .   a - +0 war axe
rCold    . . .     Faith    .   c - +0 kite shield
rNeg     . . .     Spirit   .   i - +0 scale mail
rPois    .         Reflect  .   (helmet restricted)
rElec    .         Harm     .   (no cloak)
rCorr    .         Rampage  .   (no gloves)
Will     .....                  (no boots)
Stlth    ..........             (no amulet)
HPRegen  0.11/turn              (no ring)
MPRegen  0.08/turn              (no ring)

@: mighty
A: horns 2, retaliatory headbutt
a: no special abilities


You were on level 2 of the Dungeon.
You visited 1 branch of the dungeon, and saw 2 of its levels.

You collected 135 gold pieces.

Inventory:

Hand Weapons
 a - a +0 war axe (weapon)
 b - a +0 hunting sling
Missiles
 h - 14 stones (quivered)
Armour
 c - a +0 kite shield (worn)
 i - a +0 scale mail (worn)
Scrolls
 e - 2 scrolls of noise {unknown}
 f - 2 scrolls of teleportation {unknown}
 g - a scroll of amnesia {unknown}
 j - 2 scrolls of enchant armour {unknown}
 k - a scroll of identify {unknown}
Potions
 l - a potion of haste {unknown}


   Skills:
 + Level 4.0 Fighting
 * Level 3.5 Axes
 + Level 4.1 Armour
 + Level 4.1 Shields


You had 2 spell levels left.
You didn't know any spells.
Your spell library contained the following spells:

 Spells                   Type           Power      Damage    Failure   Level
 Corona                   Hex            0%         N/A       99%         1
 Ensorcelled Hibernation  Hex/Ice        0%         N/A       100%        2
 Confusing Touch          Hex            0%         N/A       100%        3
 Dazzling Flash           Conj/Hex       0%         N/A       100%        3
 Tukima's Dance           Hex            0%         N/A       100%        3


Dungeon Overview and Level Annotations

Branches:
Dungeon (2/15)

Altars:

Annotations:
D:2 Crazy Yiuf


Innate Abilities, Weirdness & Mutations

You have a pair of horns on your head.
You reflexively headbutt those who attack you in melee.


Message History

You shoot a stone. The stone hits the endoplasm.
You kill the endoplasm!
a - a +0 war axe (weapon)
You block the hobgoblin's attack.
You slash the hobgoblin!
You kill the hobgoblin!
You throw a stone. The stone closely misses the quokka.
The quokka twitches its whiskers.
You barely miss the quokka. You block the quokka's attack.
The quokka bites you but does no damage.
You slash the quokka!
You kill the quokka!
No target in view!
b - a +0 hunting sling (weapon)
h - 10 stones (gained 3)
h - 11 stones (gained 1)
h - 12 stones (gained 1)
h - 13 stones (gained 1)
h - 14 stones (gained 1)
You now have 130 gold pieces (gained 13).
You now have 135 gold pieces (gained 5).
Crazy Yiuf shouts!
Fire: 14 stones
Press: ? - help, Q - select action Shift-Dir - straight line, f - you
Okay, then.
Okay, then.
a - a +0 war axe (weapon)
You open the door. You closely miss Crazy Yiuf.
Crazy Yiuf whimpers, "Powder foot light!"
Crazy Yiuf hits you with a +3 quarterstaff of chaos!
Crazy Yiuf burns you.
Crazy Yiuf yells, "Ice action eyeball!"
Crazy Yiuf hits you with a +3 quarterstaff of chaos!
* * * LOW HITPOINT WARNING * * *
Sorry, you're not good enough to have a special ability.
You feel very mighty all of a sudden.
Crazy Yiuf waves his quarterstaff at you.
Crazy Yiuf hits you with a +3 quarterstaff of chaos.
You die...

###### #....# ###
♣♣#### ..##.#
#)..#♣♣ ♣♣....##
####.#
#...'g♣♣♣♣PP....#
#.#
#...#♣@.♣..P....#
#.# ###
♣♣♣.♣....#.# #.#
♣♣♣♣♣##..# #.#
#.## #.# #######
##.#
#.######.....#
#..##
#.#......#####
#...#
####...######
###.# ......##
#.#


You could see Crazy Yiuf.

Vanquished Creatures
  An adder (D:2)
  2 endoplasms
  3 goblins (D:1)
  3 hobgoblins
  10 jackals
  2 kobolds (D:1)
  2 quokkas
  A ball python (D:1)
  4 bats
  4 rats
32 creatures vanquished.

Vanquished Creatures (others)
  2 fungi (D:1)
  A plant (D:1)
3 creatures vanquished.

Grand Total: 35 creatures vanquished

Notes
Turn   | Place    | Note
-------+----------+-------------------------------------------
     0 | D:1      | Gwenloh the Minotaur Fighter began the quest for the Orb.
     0 | D:1      | Reached XP level 1. HP: 19/19 MP: 0/0
   204 | D:1      | Reached XP level 2. HP: 27/27 MP: 1/1
   279 | D:1      | Found a faded altar of an unknown god.
   721 | D:1      | You fall into a shaft and drop 1 floor!
  1131 | D:2      | Reached XP level 3. HP: 33/33 MP: 2/2
  1255 | D:2      | Found a runed translucent door.
  1256 | D:2      | Noticed Crazy Yiuf
  1449 | D:2      | Slain by Crazy Yiuf

Illustrated notes

Levels and vault maps discovered:
D:1:      beargit_arrival_greenhouse, layout_basic, shapermc_ecumenical_altar_gd
D:2:      layout_rooms, uniq_crazy_yiuf_cottage

Skill      XL: |  1  2  3 |
---------------+----------+-----
Axes           | 3 |  3.5
Shields        | 4 |  4.1
Armour         | 4 |  4.1
Fighting       | 4 |  4.0

Action                   || total
-------------------------++-------
Melee: War axe           ||    48
       Headbutt          ||     4
 Fire: Hunting sling     ||    25
Throw: Stone             ||     1
  Use: Potion            ||     1
Armor: Scale mail        ||    21
Dodge: Dodged            ||    24
Block: Kite shield       ||    28

Table legend: (Time is in decaauts)
 A = Elapsed time spent in this place.
 B = Non-inter-level travel time spent in this place.
 C = Inter-level travel time spent in this place.
 D = Time resting spent in this place.
 E = Time spent auto-exploring this place.
 F = Levels seen in this place.
 G = Mean time per level.
                   A        B        C        D        E       F      G
               +--------+--------+--------+--------+--------+-----+--------+
         Total |   1479 |   1425 |     54 |      0 |   1212 |   2 |  739.5 |
       Dungeon |   1479 |   1425 |     54 |      0 |   1212 |   2 |  739.5 |
               +--------+--------+--------+--------+--------+-----+--------+

Top non-repeatable levels by time:
     D:1: 900 daAuts
     D:2: 579 daAuts
